Map: Lost and Found LE

Players

ƎDǃBee

  • Race: Zerg Zerg
  • League: Grandmaster
  • Spawn Location: 7:00

Krystianer - Winner!

  • Race: Protoss Protoss
  • League: Grandmaster
  • Spawn Location: 1:00

VOD

Have the link to the VOD?

Description

Time

  • Played on: Aug. 27, 2018, 4:26 p.m.
  • Length: 8:51
Show
View Real Time Build Order
Export as new Build Order

ƎDǃBee Zerg 

Build Orders: Pool First 

Get SALT Encoding   

  12  0:00  Drone  
  13  0:12  Overlord  
  13  0:16  Drone  
  14  0:30  Drone x2  
  14  0:34  Drone  
  17  0:44  Spawning Pool  
  17  0:47  Drone  
  17  1:06  Hatchery  
  17  1:09  Extractor  
  17  1:11  Drone  
  16  1:14  Drone  
  16  1:18  Drone  
  18  1:31  Zergling x2, Queen  
  21  1:38  Drone  
  22  1:49  Overlord  
  22  2:07  Queen  
  22  2:08  Drone  
  25  2:11  Drone  
  26  2:15  Metabolic Boost  
  26  2:18  Drone, Queen  
  26  2:21  Drone  
  30  2:30  Drone  
  30  2:36  Drone  
  31  2:40  Overlord  
  31  2:41  Zergling x6  
  34  2:46  Zergling x2  
  34  2:50  Zergling x2  
  36  2:55  Evolution Chamber  
  35  3:03  Hatchery  
  34  3:08  Drone x2  
  34  3:10  Drone  
  37  3:14  Spore Crawler  
  37  3:16  Drone  
  35  3:29  Spore Crawler  
  34  3:37  Spore Crawler  
  34  3:43  Drone  
  34  3:44  Drone x3  
  38  3:49  Drone  
  38  3:53  Drone x2  
  41  3:57  Drone  
  41  3:58  Drone  
  41  4:01  Overlord  
  43  4:05  Zerg Melee Weapons Level 1  
  42  4:13  Drone  
  42  4:16  Roach Warren, Drone  
  43  4:17  Drone  
  43  4:21  Extractor  
  44  4:24  Drone x3  
  44  4:28  Drone  
  44  4:30  Overlord  
  47  4:36  Queen  
  49  4:42  Drone x3  
  49  4:44  Drone  
  53  4:47  Overlord  
  53  4:50  Spore Crawler  
  53  4:52  Drone  
  52  4:53  Drone  
  52  4:59  Overlord  
  53  5:03  Roach x2  
  53  5:05  Roach  
  59  5:10  Roach x2  
  63  5:17  Zergling x2, Roach  
  63  5:18  Zergling x2, Roach  
  63  5:19  Zergling x2  
  70  5:26  Lair  
  70  5:27  Drone x2  
  72  5:34  Drone x5  
  77  5:37  Ravager  
  77  5:39  Overlord  
  77  5:41  Overlord  
  77  5:50  Zergling x2, Roach  
  77  5:51  Overlord x2  
  77  5:55  Overlord  
  80  6:00  Roach  
  80  6:01  Roach x2  
  80  6:03  Zergling x6  
  89  6:09  Zergling x4  
  89  6:11  Zergling x4  
  91  6:15  Zergling x2  
  91  6:16  Zergling x10  
  97  6:24  Zergling x2, Roach x2  
  102  6:25  Glial Reconstitution  
  102  6:28  Zergling x2  
  102  6:31  Overlord  
  102  6:34  Zergling x2  
  102  6:35  Zergling x4  
  102  6:37  Overlord x2  
  105  6:50  Zergling x6, Roach x4  
  116  6:55  Zergling x2, Roach  
  116  7:00  Zergling x2  
  120  7:03  Roach x3  
  120  7:04  Roach  
  120  7:07  Zergling x2  
  129  7:10  Zergling x2  
  129  7:15  Zergling x2  
  131  7:19  Zergling x6, Roach x3  
  131  7:21  Zergling x2  
  139  7:24  Zergling x2  
  138  7:35  Zergling x6, Roach x3  
  146  7:41  Roach  
  146  7:43  Zergling x2  
  123  7:45  Zergling x4, Roach x2  
  106  7:52  Zergling x2  
  106  7:55  Extractor, Zergling x2  
  104  8:00  Extractor  
  104  8:02  Zergling x4, Roach  
  104  8:03  Roach  
  109  8:08  Zergling x2, Roach  
  109  8:10  Ravager  
  109  8:12  Zergling x6  
  114  8:13  Zergling x2  
  114  8:15  Hatchery, Queen  
  114  8:18  Zergling x6  
  119  8:23  Zergling x2, Roach  
  119  8:26  Zergling x2  
  119  8:27  Zergling x4  
  125  8:30  Zergling x2  
  125  8:33  Zergling x2  
Show
View Real Time Build Order
Export as new Build Order

Krystianer Protoss - Winner!

Build Orders: 1 Gate Expand, Oracle Opening, Zealot Archon 

Get SALT Encoding   

  12  0:00  Probe  
  13  0:12  Probe  
  14  0:17  Pylon  
  14  0:24  Probe  
  15  0:32  Probe  
  15  0:39  Gateway  
  15  0:40  Probe  
  16  0:47  Assimilator  
  17  0:51  Probe  
  18  1:03  Probe  
  19  1:15  Probe  
  20  1:24  Nexus  
  20  1:33  Cybernetics Core  
  20  1:39  Assimilator  
  20  1:42  Probe  
  21  1:50  Pylon  
  21  1:54  Probe  
  21  2:01  Adept  
  22  2:06  Probe  
  25  2:16  Stargate  
  25  2:18  Probe  
  25  2:20  Adept  
  28  2:32  Warp Gate  
  28  2:33  Probe  
  28  2:35  Probe  
  29  2:44  Adept  
  30  2:45  Probe x2  
  34  2:53  Oracle  
  34  2:57  Probe x2  
  39  3:09  Probe  
  40  3:15  Probe  
  40  3:16  Shield Battery  
  41  3:21  Probe  
  42  3:27  Probe  
  42  3:32  Probe  
  42  3:39  Probe  
  42  3:40  Probe  
  41  3:43  Gateway  
  41  3:44  Robotics Facility  
  42  3:48  Probe  
  42  3:50  Assimilator  
  42  3:51  Probe  
  42  3:53  Pylon, Assimilator  
  44  4:00  Probe  
  45  4:04  Probe  
  45  4:05  Twilight Council  
  46  4:11  Pylon  
  46  4:12  Probe  
  46  4:16  Probe  
  48  4:21  Warp Prism  
  48  4:24  Gateway, Probe  
  49  4:25  Gateway  
  51  4:39  Adept x2  
  51  4:44  Templar Archives  
  55  4:46  Pylon  
  55  4:57  Nexus  
  55  5:01  Pylon  
  55  5:05  Probe  
  55  5:06  Probe  
  57  5:12  Forge  
  57  5:21  High Templar x2  
  57  5:22  High Templar x2  
  57  5:24  Probe  
  57  5:25  Archon  
  57  5:26  Archon  
  57  5:27  Probe  
  67  5:32  Charge  
  67  5:40  Gateway  
  67  5:42  Gateway  
  67  5:43  Gateway x2  
  67  5:44  Probe  
  67  5:45  Protoss Ground Weapons Level 1  
  67  5:46  Immortal  
  67  5:47  Probe  
  72  5:57  Probe  
  72  6:00  Pylon, Probe  
  73  6:06  Probe  
  73  6:09  Probe x2  
  76  6:15  Immortal  
  77  6:20  Probe  
  77  6:21  Probe x2  
  77  6:23  Assimilator  
  77  6:25  Assimilator  
  84  6:29  High Templar x2  
  88  6:33  Probe  
  88  6:34  Pylon, Probe  
  88  6:35  Pylon, Probe, Archon  
  91  6:42  Probe  
  91  6:45  Probe  
  91  6:46  Immortal  
  93  6:47  Probe  
  93  6:51  Probe  
  95  6:57  High Templar  
  95  6:58  High Templar  
  103  7:03  Zealot, Gateway  
  103  7:04  Zealot, Gateway, Archon  
  103  7:06  Probe, Pylon x2  
  108  7:14  Pylon  
  108  7:25  High Templar x2  
  108  7:26  Zealot x4  
  108  7:29  Archon  
  120  7:34  Pylon  
  120  7:35  Zealot x2  
  114  7:47  Zealot x3  
  114  7:48  Zealot  
  116  8:02  Zealot x4  
  124  8:06  Zealot  
  124  8:07  Zealot  
  124  8:10  Zealot x4  
  136  8:14  Pylon  
  136  8:25  Zealot x4  
  144  8:31  Pylon  
  144  8:33  Zealot x4, Pylon  
  150  8:39  Zealot  
  150  8:40  Zealot  
  142  8:45  Zealot  
  142  8:46  Zealot x2  
Tags
 
Add a new tag
Caveats
  • Supply blocks, unpowered buildings, or Contaminate may cause inaccurate times.
  • Supply counts are checked every 10 seconds.